 Dungeon Crawl Stone Soup version 0.24.0-123-gd5b16e6ec5 (webtiles) character file.

Game seed: 16951061984202234763, levelgen mode: deterministic

63 FishyPogo the Ducker (level 3, 0/28 HPs)
             Began as a Demonspawn Gladiator on Jan 5, 2020.
             Was an Initiate of Okawaru.
             Slain by Purgy (8 damage)
             ... on level 3 of the Dungeon.
             The game lasted 00:04:34 (1800 turns).

FishyPogo the Ducker (Demonspawn Gladiator)         Turns: 1800, Time: 00:04:35

Health: 0/28       AC:  4    Str: 20    XL:     3   Next: 87%
Magic:  3/3        EV: 13    Int:  9    God:    Okawaru [......]
Gold:   66         SH:  0    Dex: 14    Spells: 2/2 levels left

rFire    . . .     SeeInvis .   a - +0 flail
rCold    . . .     Gourm    .   (no shield)
rNeg     . . .     Faith    .   b - +0 leather armour
rPois    .         Spirit   .   c - +0 helmet
rElec    .         Reflect  .   (no cloak)
rCorr    .         Harm     .   (no gloves)
MR       .....                  (no boots)
Stlth    +.........             (no amulet)
HPRegen  0.49/turn              (no ring)
MPRegen  0.08/turn              (no ring)

@: mighty
A: claws 1, blurry vision 1, sense surroundings 1, regeneration 1
a: Renounce Religion


You were on level 3 of the Dungeon.
You worshipped Okawaru.
Okawaru was noncommittal.
You were hungry.

You visited 1 branch of the dungeon, and saw 3 of its levels.

You collected 66 gold pieces.

Inventory:

Hand Weapons
 a - a +0 flail (weapon)
 h - a +2 dagger of venom
Missiles
 e - 50 stones (quivered)
 r - 9 poisoned darts
Armour
 b - a +0 leather armour (worn)
 c - a +0 helmet (worn)
Scrolls
 k - 2 scrolls of identify
Potions
 i - a potion of ambrosia {unknown}
 j - a potion of might
 m - a potion of lignification {unknown}
 s - 2 potions of flight
Comestibles
 f - 5 rations


   Skills:
 * Level 2.8 Fighting
 + Level 2.9 Maces & Flails
 + Level 2.1 Throwing
 * Level 1.6 Armour
 - Level 3.0 Dodging


You had 2 spell levels left.
You didn't know any spells.
Your spell library was empty.

Dungeon Overview and Level Annotations

Branches:
Dungeon (3/15)

Altars:
Elyvilon
Okawaru
Sif Muna
Vehumet

Annotations:
D:3 Purgy


Innate Abilities, Weirdness & Mutations

You have sharp fingernails.
Scrolls take you a little longer to read.
You passively map a small area around you.
Your natural rate of healing is unusually fast.


Message History

Purgy bites you.
* * * LOW HITPOINT WARNING * * *
Purgy completely misses you. Purgy closely misses you.
You sock Purgy!
Purgy is almost dead.
Purgy barely misses you. Purgy misses you. Purgy claws you.
* * * LOW HITPOINT WARNING * * *
You hit Purgy.
Purgy is almost dead.
Purgy bites you but does no damage. Purgy claws you but does no damage.
Purgy misses you.
You closely miss Purgy.
Purgy is almost dead.
Purgy closely misses you. Purgy claws you but does no damage.
Purgy closely misses you.
You completely miss Purgy.
Purgy is almost dead.
Purgy closely misses you. Purgy claws you but does no damage. Purgy misses you.
Purgy bites you!
You die...

.....##..####..##.# ..
#...#........#...# #.. ,
#......##.......#####...
, ,
#....###...............?
#.......................
, ,
#...####................
#...# ########.........
, ##### ....####........
.......@........ ,
....##T......... , .
.(.######.## ..### ,# ,,
..( * .( , * #* , ,,


You could see Purgy.

Vanquished Creatures
  2 adders (D:2)
  A gnoll (D:1)
  3 dart slugs
  A leopard gecko (D:1)
  2 giant cockroaches (D:1)
  3 hobgoblins
  2 jackals (D:3)
  6 bats
  2 frilled lizards (D:2)
  3 goblins
  3 kobolds (D:1)
  3 rats
31 creatures vanquished.

Notes
Turn   | Place    | Note
-------+----------+-------------------------------------------
     0 | D:1      | FishyPogo the Demonspawn Gladiator began the quest for the
                  | Orb.
     0 | D:1      | Reached XP level 1. HP: 16/16 MP: 1/1
   159 | D:1      | Gained mutation: You have sharp fingernails. [demonic
                  | ancestry]
   159 | D:1      | Reached XP level 2. HP: 20/22 MP: 2/2
   332 | D:1      | Reached skill level 1 in Armour
   934 | D:1      | Reached XP level 3. HP: 16/28 MP: 3/3
  1323 | D:2      | Found a shimmering blue altar of Sif Muna.
  1360 | D:2      | Reached skill level 3 in Dodging
  1465 | D:2      | Found a radiant altar of Vehumet.
  1468 | D:2      | Found a white marble altar of Elyvilon.
  1470 | D:2      | Found an iron altar of Okawaru.
  1480 | D:2      | Became a worshipper of Warmaster Okawaru
  1770 | D:3      | Noticed Purgy
  1791 | D:3      | Gained mutation: You passively map a small area around you.
                  | [potion of mutation]
  1791 | D:3      | Gained mutation: Scrolls take you a little longer to read.
                  | [potion of mutation]
  1791 | D:3      | Gained mutation: Your natural rate of healing is unusually
                  | fast. [potion of mutation]
  1800 | D:3      | Slain by Purgy

Levels and vault maps discovered:
D:1:      eino_arrival_cavern_b, layout_loops_cross, serial_co_window_serial,
          co_window_paths_a, co_window_of_opportunity_a, co_window_paths_a,
          co_window_paths_a, co_window_paths_b, co_window_paths_a,
          co_window_paths_a, co_window_broadway_a, co_window_corner_cb,
          co_window_broadway_a, co_window_4corner_a, glass_columns_c,
          glass_columns_a, glass_columns_b, chequers_avenue
D:2:      layout_basic, nicolae_overflow_hidden_temple,
          grunt_temple_overflow_open, minmay_misc_feat_diagonals
D:3:      layout_rooms, eat_drink_and_be_merry_uskayaw, gup_sewer_entry_bowl,
          first_ration, tso_metal_star, uniq_purgy

Skill      XL: |  1  2  3 |
---------------+----------+-----
Armour         | 1 |  1.6
Throwing       | 2 |  2.1
Dodging        | 3 |  3.0
Fighting       | |  2.8
Maces & Flails | |  2.9

Action                   || total
-------------------------++-------
Melee: Flail             ||   106
Throw: Dart              ||     4
       Throwing net      ||     3
  Use: Scroll            ||     5
       Potion            ||     3
 Stab: Held in net/web   ||     2
       Sleeping          ||     2
  Eat: Chunk             ||     2
Armor: Leather armour    ||    50
Dodge: Dodged            ||   101
